 Dungeon Crawl Stone Soup version 0.21.1-1-g345015f (webtiles) character file.

639153 buskinjo2 the Phalangite (level 27, -27/243 HPs)
             Began as a Merfolk Gladiator on Mar 3, 2018.
             Was an Initiate of Gozag.
             Killed from afar by Qialegak the pandemonium lord (29 damage)
             ... with a poison arrow
             ... on level 4 of the Depths on Mar 5, 2018.
             The game lasted 04:07:40 (85610 turns).

buskinjo2 the Phalangite (Merfolk Gladiator)       Turns: 85610, Time: 04:07:41

Health: -27/243    AC: 20    Str: 17 (19) XL:     27
Magic:  32/37      EV: 26    Int: 15      God:    Gozag
Gold:   724        SH:  0    Dex: 15 (16) Spells: 16/37 levels left

rFire    + . .     SeeInvis +   r - +6 bardiche (freeze)
rCold    + + .     Gourm    .   (shield currently unavailable)
rNeg     + + .     Faith    .   Q - +1 ring mail "Asiev" {rC+ rN+ Str+2 Slay+2}
rPois    +         Spirit   .   G - +2 helmet {SInv}
rElec    +         Reflect  .   V - scarf {rC+ rF+}
rCorr    .         Harm     .   g - +2 pair of gloves
MR       ++...                  J - +2 pair of boots {Stlth+}
Stlth    +++.......             c - amulet of Vitality {Regen+ HP+15}
HPRegen  0.90/turn              Z - ring of poison resistance
MPRegen  0.25/turn              W - ring "Sijep" {rElec rN+}

@: lethally poisoned (-27 -> -32), about to teleport, drained
A: change form in water, swift swim, stealthy swim, clumsy 1, deterioration 1,
high mp 1, screaming 3, electricity resistance
0: Orb of Zot
}: 3/15 runes: serpentine, barnacled, silver
a: Potion Petition, Call Merchant, Bribe Branch, Renounce Religion


You were on level 4 of the Depths.
You worshipped Gozag.
Gozag was pleased with you.
You were completely stuffed.

You visited 9 branches of the dungeon, and saw 49 of its levels.
You visited the Abyss 1 time.
You also visited: Trove, Ossuary and Ice Cave.

You collected 28528 gold pieces.
You spent 10196 gold pieces at shops.
You paid 17608 gold pieces to Gozag.

Inventory:

Hand Weapons
 b - a +6 demon trident of freezing {III}
 r - a +6 bardiche of freezing (weapon)
 C - the +6 morningstar of Mourning {crush, -Tele rF++}
   (You took it off a deep elf elementalist on level 3 of the Elven Halls)

   It inflicts extra damage upon your enemies.
   It greatly protects you from fire.
   It prevents most forms of teleportation.
 P - a +3 demon trident of electrocution {IV}
Missiles
 d - 9 throwing nets (quivered)
Armour
 g - a +2 pair of gloves (worn)
 G - a +2 helmet of see invisible (worn)
 J - a +2 pair of boots of stealth (worn)
 M - the +4 dragonskin cloak
   (You took it off Tiamat on level 3 of the Realm of Zot)
 Q - the +1 ring mail "Asiev" (worn) {rC+ rN+ Str+2 Slay+2}
   (You bought it in a shop on level 3 of the Snake Pit)

   It affects your strength (+2).
   It affects your accuracy and damage with ranged weapons and melee attacks
   (+2).
   It protects you from cold.
   It protects you from negative energy.
 V - a scarf of resistance (worn)
Jewellery
 c - the amulet of Vitality (around neck) {Regen+ HP+15}
   (You found it on level 1 of the Depths)

   [amulet of regeneration]

   It affects your health (+15).
   It increases your rate of regeneration.
 h - an uncursed ring of protection from magic
 i - an uncursed ring of positive energy
 B - an uncursed ring of protection from fire
 I - an uncursed ring of protection from cold {unknown}
 N - an uncursed ring of positive energy
 O - an uncursed ring of see invisible
 R - the ring of Robustness {AC+8}
   (You bought it in a shop on level 1 of the Realm of Zot)

   [ring of protection]

   It affects your AC (+8).
 T - a +3 ring of strength
 U - an uncursed ring of resist corrosion
 W - the ring "Sijep" (right hand) {rElec rN+}
   (You found it in a treasure trove)

   [ring of positive energy]

   It insulates you from electricity.
   It protects you from negative energy.
 Z - a ring of poison resistance (left hand)
Wands
 p - a wand of enslavement (19)
 t - a wand of paralysis (89)
 x - a wand of iceblast (15)
 H - a wand of digging (24)
Scrolls
 e - 26 scrolls of remove curse
 l - a scroll of teleportation
 y - a scroll of silence
 z - 3 scrolls of blinking
 E - 7 scrolls of fear
 F - 6 scrolls of identify
 L - 3 scrolls of amnesia
Potions
 j - 7 potions of flight
 k - a potion of might
 m - 5 potions of berserk rage
 o - 13 potions of curing
 q - 6 potions of cancellation
 s - 3 potions of invisibility
 u - a potion of agility
 v - 7 potions of resistance
 w - 4 potions of ambrosia
 A - 6 potions of magic
Miscellaneous
 n - a phial of floods
 D - a sack of spiders
 K - a fan of gales
 S - a lightning rod (4/4)
 X - a lamp of fire
 Y - a phantom mirror
Comestibles
 f - 23 rations


   Skills:
 - Level 21.3(21.2) Fighting
 * Level 25.1(25.0) Polearms
 - Level 6.8(6.7) Throwing
 - Level 15.7(15.6) Armour
 - Level 22.8(22.7) Dodging
 - Level 17.0(16.9) Stealth
   Level 15.4(15.3) Shields
 - Level 5.8(5.7) Spellcasting
 - Level 3.9(3.8) Hexes
 - Level 5.4(5.3) Charms
 - Level 2.5 Summonings
 - Level 1.7 Necromancy
 - Level 5.2(5.1) Translocations
 - Level 10.6(10.5) Air Magic
 - Level 14.7(14.6) Evocations


You had 16 spell levels left.
You knew the following spells:

 Your Spells              Type           Power        Failure   Level  Hunger
a - Blink                 Tloc           N/A          4%          2    #......
b - Shroud of Golubria    Chrm/Tloc      ###.......   4%          2    #......
c - Apportation           Tloc           ###...       2%          1    None
d - Summon Butterflies    Summ           ##......     9%          1    None
e - Swiftness             Chrm/Air       ####....     1%          2    #......
f - Ozocubu's Armour      Chrm/Ice       ##......     22%         3    ###....
g - Regeneration          Chrm/Necr      ##........   16%         3    ###....
h - Spectral Weapon       Hex/Chrm       ###.....     11%         3    ###....
i - Song of Slaying       Chrm           ###.....     3%          2    #......
j - Passwall              Tmut/Erth      #.........   34%         2    #......


Dungeon Overview and Level Annotations

Branches:
Dungeon (15/15)            Temple (0/1) D:4            Lair (6/6) D:9
 Shoals (4/4) Lair:2        Snake (4/4) Lair:2        Slime (0/5) Lair:6
    Orc (2/2) D:12            Elf (3/3) Orc:2        Vaults (5/5) D:13
  Crypt (0/3) Vaults:3     Depths (5/5) D:15            Zot (5/5) Depths:5

Altars:
Cheibriados
Gozag
Kikubaaqudgha
Sif Muna
Trog
Vehumet

Shops:
D:5 ?   D:6 [   D:11 [   D:12 *(   D:14 *   Orc:2 (!(%   Lair:1 (   Snake:1 :
Snake:3 [   Snake:4 ==   Vaults:3 }   Vaults:4 !   Zot:1 =

Portals:
Hell: Depths:1 Depths:2 Depths:3
Abyss: Depths:1 Depths:2 Depths:3 Depths:4
Pandemonium: Depths:3
Ziggurat: Depths:1

Annotations:
D:3 grindst0ne's ghost, amateur FoHu
D:4 Dowan; Duvessa
Lair:6 exclusion: 2 oklob plants
Shoals:2 Serooblart's ghost, adept MiBe
Elf:2 3 runed doors
Elf:3 exclusion: door
Vaults:2 exclusion: door
Vaults:5 Mara
Depths:4 Jory; the Enchantress
Zot:4 exclusion: upstairs
Zot:5 Setanta's ghost, legendary GnAM


Innate Abilities, Weirdness & Mutations

You revert to your normal form in water.
You are very nimble and swift while swimming.
You are very stealthy in the water. (Stealth+)
You are clumsy. (Dex -2)
Your body sometimes deteriorates upon taking damage.
You have an increased reservoir of magic. (+10% MP)
You frequently scream uncontrollably at your foes.
You are resistant to electric shocks. (rElec)


Message History

You are poisoned.
You partially resist.
* * * LOW HITPOINT WARNING * * *
The lich touches you!
* * * LOW HITPOINT WARNING * * *
You partially resist.
You feel drained.
A hellwing comes into view.
Unknown command.
Casting: Blink
Confirm with . or Enter, or press ? or * to list all spells.
You blink.
A Hell Sentinel comes into view.
You feel sick. The rust devil hits your butterfly!
Your butterfly dies!
Qialegak gestures at you. The poison arrow hits you!
You are lethally poisoned!
You partially resist.
You die...
Your body crumbles into a pile of gold.

.....#>#.§§§§.##.#.##.≈≈≈≈....###
.....#1###§§#i.i...##......≈....#
.....#.V.#§§##.............≈.##..
....####.#4§X..............≈.####
....#.V..#3§§#i..........≈≈≈..# #
....#.####4X##..i........≈≈≈..###
....#...#r.§##............≈≈≈....
[.((###.#..&###.4.........≈≈≈≈≈≈.
###...#1#s..X.D.@......#..≈≈≈≈≈≈.
≈≈#...$...≈4...............≈≈≈≈≈.
.≈#........b.............#.....≈≈
.≈#.........1......#.(...#.....≈≈
.≈#..........L....#..........#...
.≈#...)....&..§..##....1.....#...
.≈#..<........4...#..##.........#
.≈#..........4....#............##
.≈#.....$.............>..........


You could see Olesaig (invisible), Qialegak, 2 Hell Sentinels, a storm dragon,
the Enchantress, an Orb Guardian, a lich, 2 spriggan defenders, a hellwing, 2
rust devils, a red devil, a redback and a spriggan.

Vanquished Creatures
  4 orbs of fire
  2 ancient liches (Zot:5)
  2 greater mummies (Depths:1)
  Sojobo (Depths:4)
  Bai Suzhen (Depths:2)
  Frederick (Vaults:4)
  3 Killer Klowns (Zot:5)
  Margery (Depths:3)
  Xtahua (Vaults:3)
  A golden dragon (shapeshifter) (Depths:2)
  10 golden dragons
  A lich (Depths:4)
  Jorgrun (Depths:1)
  An electric golem (Zot:5)
  14 Orb Guardians
  14 tentacled monstrosities
  Asterion (Depths:1)
  3 deep elf blademasters
  2 deep elf master archers (Elf:3)
  7 quicksilver dragons
  5 titans
  Polyphemus (Shoals:2)
  A kraken (Shoals:1)
  An Executioner (Zot:2)
  4 death cobs
  Gastronok (D:10)
  7 sphinxes
  Donald (Snake:2)
  3 shadow dragons
  7 draconian monks
  19 storm dragons
  A revenant (Vaults:3)
  10 tengu reavers
  7 nagarajas
  4 draconian knights
  7 frost giants
  An azure jelly (shapeshifter) (Depths:1)
  Ilsuiw (Shoals:4)
  8 deep elf sorcerers
  11 fire giants
  An iron dragon (shapeshifter) (Depths:3)
  A balrug (Depths:5)
  5 draconian scorchers
  3 ghost moths
  12 vault wardens
  Aizul (Shoals:1)
  An orc warlord (Orc:1)
  5 draconian shifters
  A ghoul (Vaults:5)
  A curse skull (Depths:2)
  4 deep elf elementalists (Elf:3)
  Louise (Depths:2)
  14 ironheart preservers
  14 very ugly things
  4 draconian annihilators
  A reaper (Depths:4)
  4 draconian stormcallers
  3 war gargoyles (Depths:3)
  6 green draconians
  10 stone giants
  An entropy weaver (Vaults:4)
  2 spriggan defenders
  7 deep elf demonologists
  2 vampire knights
  A juggernaut skeleton (Depths:2)
  6 white draconians
  6 black draconians
  3 spark wasps
  A lorocyproca (Depths:3)
  5 deep elf annihilators
  7 purple draconians
  6 deep elf death magi
  3 red draconians
  8 yellow draconians
  A dire elephant (shapeshifter) (Depths:3)
  Snorg (Lair:3)
  A blizzard demon (IceCv)
  12 fire dragons
  4 jiangshi
  2 ettins (shapeshifter)
  11 ettins
  3 mummy priests (Depths:1)
  4 merfolk impalers
  7 merfolk javelineers
  A minotaur (shapeshifter) (Depths:3)
  A crystal guardian (Depths:3)
  A rakshasa (Depths:1)
  4 deep elf high priests
  7 great orbs of eyes
  10 ice dragons
  Josephine (D:12)
  21 vault guards
  10 yaktaur captains
  A juggernaut simulacrum (Depths:3)
  18 naga warriors
  Harold (D:10)
  An alligator snapping turtle (Shoals:1)
  4 hydras
  2 spriggan air magi
  5 merfolk aquamancers
  9 anacondas
  2 merfolk avatars
  3 satyrs
  A queen ant (shapeshifter) (Depths:3)
  2 catoblepae
  Erica (D:8)
  12 centaur warriors
  4 death yaks (Shoals:2)
  3 death knights
  A satyr (shapeshifter) (Vaults:5)
  12 deep troll earth magi
  44 two-headed ogres
  6 deep troll shamans
  A vampire mage (Depths:4)
  An orc high priest (Orc:2)
  The ghost of vatarom the Zephyrmancer, a novice BaAE of Vehumet (D:9)
  11 ogre magi
  6 tengu warriors
  A death yak (shapeshifter) (D:13)
  15 naga sharpshooters
  A soul eater (Zot:2)
  5 shock serpents
  2 spriggan berserkers
  2 thrashing horrors (Abyss:5)
  22 deep elf knights
  5 spriggans
  22 skeletal warriors
  A golden dragon zombie (Depths:1)
  3 shadow wraiths (Vaults:4)
  2 sun demons (Depths:5)
  22 hell knights
  A salamander mystic (Snake:3)
  An iron troll (Depths:1)
  10 sea snakes
  A sea snake (shapeshifter) (Vaults:4)
  17 deep trolls
  7 unseen horrors
  A storm dragon skeleton (Depths:2)
  12 deep elf archers
  2 wizards (Vaults:2)
  2 flayed ghosts
  3 glowing orange brains
  A lindwurm (Lair:6)
  18 harpies
  15 orc knights
  Pikel (D:7)
  6 naga ritualists
  6 ironbrand convokers
  A stone giant zombie (Depths:1)
  35 ugly things
  14 necromancers
  A shadow dragon skeleton (Depths:2)
  An orb spider (shapeshifter) (Vaults:1)
  4 golden dragon skeletons (Depths:2)
  A tengu skeleton (Depths:2)
  A mana viper (shapeshifter) (Depths:3)
  3 phantasmal warriors
  8 manticores
  4 mana vipers
  7 orc sorcerers
  2 cyclopes (shapeshifter)
  65 deep elf magi
  A sphinx skeleton (Depths:2)
  3 wolf spiders
  9 cyclopes
  21 moths of wrath
  4 fauns (Shoals:1)
  Joseph (D:8)
  9 merfolk sirens
  39 black mambas
  3 stone giant skeletons (Depths:2)
  2 molten gargoyles (Lair:6)
  3 salamanders
  A guardian serpent (Snake:3)
  25 naga magi
  2 ice statues (IceCv)
  3 elephants (Lair:6)
  5 frost giant skeletons (Depths:2)
  11 vault sentinels
  2 water nymphs (shapeshifter)
  4 fire giant skeletons (Depths:2)
  2 orange demons
  4 spiny frogs
  5 water nymphs
  A spiny frog (shapeshifter) (Depths:3)
  6 gargoyles
  A rime drake (Lair:3)
  2 rime drakes (shapeshifter)
  2 kobold demonologists
  8 komodo dragons
  14 ice devils
  2 efreet
  3 guardian mummies (Depths:1)
  5 freezing wraiths
  33 yaktaurs
  2 wind drakes (shapeshifter)
  5 tengu conjurers
  2 merfolk (shapeshifter)
  A yaktaur skeleton (Vaults:2)
  A human skeleton (Vaults:2)
  32 merfolk
  16 trolls
  2 wind drakes
  9 hornets
  A blink frog (shapeshifter) (Vaults:3)
  Prince Ribbit (D:9)
  A slime creature (shapeshifter) (Vaults:2)
  7 snapping turtles
  An ettin zombie (Depths:1)
  A hornet (shapeshifter) (Vaults:1)
  A snapping turtle (shapeshifter) (Depths:5)
  26 slime creatures
  A spriggan zombie (Depths:1)
  18 blink frogs
  A meliai zombie (D:11)
  14 flying skulls (Depths:2)
  5 hippogriffs
  3 air elementals
  8 wraiths
  3 spriggan skeletons (Depths:2)
  31 yaks
  A deep troll skeleton (Depths:1)
  2 ettin skeletons (Depths:2)
  2 redbacks (Vaults:4)
  20 water elementals
  2 shadows
  9 wyverns
  A tarantella (Vaults:4)
  3 fire elementals
  4 hogs (D:8)
  A human (D:8)
  4 basilisks
  5 hungry ghosts
  2 steam dragons
  2 golden eyes (shapeshifter)
  3 vampire mosquitoes (D:15)
  Edmund (D:5)
  2 elf skeletons (Depths:2)
  48 nagas
  14 wargs
  2 acid dragons
  A floating eye (Depths:4)
  5 hell hounds (Lair:6)
  51 orc warriors
  10 water moccasins
  6 porcupines
  A hornet zombie (D:15)
  4 ice beasts
  A black bear (D:10)
  2 eyes of draining (shapeshifter)
  2 slaves (D:7)
  A sky beast (D:13)
  A phantom (D:7)
  39 wolves
  A boggart (shapeshifter) (Depths:3)
  32 ogres
  A necrophage (D:4)
  25 centaurs
  6 crocodiles
  2 elf zombies (Ossuary)
  21 bullfrogs
  10 big kobolds
  2 gnoll sergeants (D:12)
  A deep troll simulacrum (Vaults:2)
  4 earth elementals
  A water moccasin skeleton (D:8)
  A scorpion (D:4)
  21 killer bees
  17 wights
  An electric eel (Elf:3)
  5 lava snakes (Lair:6)
  A bullfrog zombie (D:13)
  12 crimson imps
  A howler monkey (D:9)
  The ghost of letownia2 the Gusty, a weakling TeAE (D:4)
  A centaur zombie (Ossuary)
  3 quasits
  8 hounds
  3 jellies
  Crazy Yiuf (D:6)
  20 orc priests
  4 centaur skeletons
  3 bullfrog skeletons
  4 human zombies
  4 iguanas
  36 orc wizards
  12 worker ants
  Ijyb (D:5)
  Natasha (thrice) (D:2)
  A big kobold zombie (Ossuary)
  A hound zombie (D:5)
  3 mummies
  A worker ant zombie (D:9)
  A gnoll (D:12)
  9 adders
  3 shadow imps
  6 white imps (IceCv)
  7 ufetubi (IceCv)
  2 oozes (D:3)
  An adder zombie (D:8)
  2 adder skeletons
  4 worms
  5 dart slugs
  8 leopard geckos
  97 orcs
  4 ball pythons
  9 giant cockroaches
  7 goblins
  5 hobgoblins
  22 jackals
  18 kobolds
  4 quokkas
  8 bats
  3 frilled lizards
  11 hobgoblin zombies (Ossuary)
  A jackal skeleton (D:4)
  2 jackal zombies
  9 kobold zombies (Ossuary)
  3 leopard gecko skeletons
  8 orc zombies (Ossuary)
  6 rats
  3 rat zombies (Ossuary)
  A tentacle (Shoals:1)
2154 creatures vanquished.

Vanquished Creatures (collateral kills)
  Tiamat (Zot:3)
  A Killer Klown (Zot:5)
  A curse toe (Zot:5)
  A golden dragon (Zot:5)
  An electric golem (Zot:5)
  A tentacled monstrosity (Zot:5)
  6 Orb Guardians (Zot:5)
  A titan (Vaults:5)
  A quicksilver dragon (Vaults:5)
  2 death cobs
  A sphinx (Vaults:5)
  2 shadow dragons (Zot:5)
  4 storm dragons
  An iron dragon (Vaults:5)
  A draconian scorcher (Zot:3)
  A draconian shifter (Zot:3)
  2 vault wardens (Vaults:5)
  An ironheart preserver (Vaults:5)
  A war gargoyle (D:13)
  A purple draconian (Zot:1)
  A green draconian (Zot:3)
  A white draconian (Zot:3)
  A deep elf annihilator (Depths:3)
  4 red draconians
  2 deep elf death magi
  2 ogre magi
  A yaktaur captain (Vaults:3)
  A rakshasa (Zot:2)
  8 vault guards (Vaults:5)
  A two-headed ogre (Vaults:4)
  2 hell knights (Depths:4)
  A shadow demon (Zot:5)
  A flayed ghost (Vaults:5)
  A sea snake (Shoals:4)
  A necromancer (Vaults:5)
  2 manticores (Shoals:4)
  2 deep elf magi
  3 moths of wrath (Zot:5)
  A vault sentinel (Vaults:5)
  A hellion (Zot:5)
  A yaktaur (Depths:4)
  3 freezing wraiths (Vaults:5)
  A merfolk (Shoals:4)
  An air elemental (Elf:3)
  2 orc warriors (Vaults:5)
  2 ogres
  2 big kobolds (D:12)
  A gnoll sergeant (D:12)
  2 gnolls (D:12)
  6 orcs
89 creatures vanquished.

Vanquished Creatures (others)
  2 orbs of fire (Zot:5)
  An ancient lich (Zot:5)
  Boris (Vaults:5)
  3 Orb Guardians (Zot:5)
  2 titans (Vaults:5)
  A sphinx (Vaults:5)
  A storm dragon (Depths:3)
  A shadow dragon (Zot:5)
  A tengu reaver (Vaults:5)
  2 fire giants
  A draconian knight (Zot:3)
  A frost giant (Vaults:5)
  A draconian shifter (Zot:4)
  3 vault wardens (Vaults:5)
  2 stone giants (Vaults:5)
  A very ugly thing (Vaults:5)
  2 purple draconians
  A white draconian (Zot:5)
  2 ettins (Vaults:5)
  A red draconian (Zot:5)
  2 yaktaur captains (Vaults:5)
  A merfolk impaler (Depths:5)
  7 vault guards (Vaults:5)
  15 dancing weapons
  A shadow wraith (Vaults:4)
  2 deep elf knights (Elf:2)
  2 naga ritualists (Snake:4)
  2 ironbrand convokers (Vaults:5)
  A phantasmal warrior (Vaults:5)
  A wolf spider (Vaults:5)
  3 deep elf magi
  A cyclops (Shoals:4)
  A moth of wrath (Zot:5)
  A vault sentinel (Vaults:5)
  A yaktaur (Vaults:5)
  A hornet (Depths:4)
  5 spriggans (Depths:4)
  A wraith (Vaults:1)
  A basilisk (shapeshifter) (Vaults:5)
  A slave (D:7)
  2 electric eels (Elf:3)
  A bullfrog zombie (D:5)
  An orc priest (Vaults:3)
  An adder (D:7)
  3 white imps (IceCv)
  2 ufetubi (IceCv)
  2 orcs
  A kobold (D:7)
  A quokka zombie (D:7)
  5 fungi
  10 plants
  4 tentacles (Shoals:1)
113 creatures vanquished.

Grand Total: 2356 creatures vanquished

Notes
Turn   | Place    | Note
-------+----------+-------------------------------------------
     0 | D:1      | buskinjo2 the Merfolk Gladiator began the quest for the Orb.
     0 | D:1      | Reached XP level 1. HP: 16/16 MP: 1/1
   249 | D:1      | Reached skill level 5 in Polearms
   291 | D:1      | Reached XP level 2. HP: 13/22 MP: 2/2
   952 | D:2      | Found an ancient bone altar of Kikubaaqudgha.
  1066 | D:2      | Reached skill level 6 in Polearms
  1066 | D:2      | Reached XP level 3. HP: 22/27 MP: 3/3
  1145 | D:2      | Noticed Natasha
  1158 | D:2      | Killed Natasha
  1455 | D:2      | Noticed Natasha
  1474 | D:2      | Killed Natasha
  1474 | D:2      | Reached skill level 7 in Polearms
  1474 | D:2      | Reached XP level 4. HP: 17/33 MP: 4/4
  1743 | D:2      | Found a faded altar of an unknown god.
  1763 | D:2      | Found an opulent altar of Gozag.
  1813 | D:2      | Became a worshipper of Gozag Ym Sagoz the Greedy
  1964 | D:2      | Noticed Natasha
  1976 | D:2      | Killed Natasha
  1976 | D:2      | Reached skill level 8 in Polearms
  1976 | D:2      | Reached XP level 5. HP: 35/38 MP: 5/5
  2876 | D:3      | Noticed grindst0ne's ghost (amateur FoHu)
  3220 | D:3      | Reached skill level 9 in Polearms
  3476 | D:4      | Noticed Duvessa
  3476 | D:4      | Noticed Dowan
  3511 | D:4      | Noticed letownia2's ghost (weakling TeAE)
  3527 | D:4      | Reached XP level 6. HP: 12/44 MP: 6/6
  4166 | D:4      | Noticed a necrophage
  4173 | D:4      | Killed a necrophage
  4173 | D:4      | Reached skill level 10 in Polearms
  4403 | D:5      | Entered Level 5 of the Dungeon
  4416 | D:5      | Reached XP level 7. HP: 29/49 MP: 7/7
  4419 | D:5      | Reached skill level 11 in Polearms
  4562 | D:5      | Found a sand-covered staircase.
  4570 | Ossuary  | Entered an ossuary
  5011 | Ossuary  | Reached skill level 12 in Polearms
  5164 | D:5      | Noticed Ijyb
  5179 | D:5      | Killed Ijyb
  5179 | D:5      | Reached XP level 8. HP: 54/55 MP: 8/8
  5211 | D:5      | Reached skill level 13 in Polearms
  5334 | D:5      | Noticed Edmund
  5366 | D:5      | Killed Edmund
  5632 | D:5      | Found Wuvusom's Magic Scroll Emporium.
  5757 | D:5      | Reached skill level 14 in Polearms
  5886 | D:5      | Bought a scroll of identify for 22 gold pieces
  5886 | D:5      | Bought a scroll of identify for 22 gold pieces
  5886 | D:5      | Bought a scroll of magic mapping for 38 gold pieces
  5886 | D:5      | Bought a scroll of enchant weapon for 82 gold pieces
  5886 | D:5      | Bought a scroll of fear for 38 gold pieces
  5886 | D:5      | Bought a scroll of identify for 22 gold pieces
  5886 | D:5      | Bought a scroll of magic mapping for 38 gold pieces
  5886 | D:5      | Bought a scroll of blinking for 82 gold pieces
  5886 | D:5      | Bought a scroll of identify for 22 gold pieces
  6029 | D:6      | Reached skill level 5 in Dodging
  6341 | D:6      | Bought a +1 helmet of see invisible for 247 gold pieces
  6591 | D:6      | Reached XP level 9. HP: 63/64 MP: 9/9
  6971 | D:6      | Found a runed door.
  7163 | D:6      | Noticed Crazy Yiuf
  7171 | D:6      | Killed Crazy Yiuf
  7296 | D:7      | Reached skill level 5 in Fighting
  7564 | D:7      | Noticed Pikel
  7571 | D:7      | Killed Pikel
  8556 | D:8      | Reached XP level 10. HP: 71/78 MP: 10/10
  8645 | D:8      | Found a snail-covered altar of Cheibriados.
  8716 | D:8      | Reached skill level 10 in Dodging
  8776 | D:8      | Noticed Joseph
  8800 | D:8      | Killed Joseph
  9351 | D:6      | Bought a +0 buckler of protection for 172 gold pieces
  9351 | D:6      | Bought a +2 pair of boots of stealth for 322 gold pieces
  9492 | D:4      | Found a staircase to the Ecumenical Temple.
  9577 | D:4      | Killed letownia2's ghost
  9577 | D:4      | Reached skill level 1 in Shields
  9944 | D:8      | Noticed Erica
  9952 | D:8      | Killed Erica
 10234 | D:8      | Reached skill level 5 in Shields
 10687 | D:9      | Noticed Prince Ribbit
 10746 | D:9      | Found a staircase to the Lair.
 10795 | D:9      | Noticed a two-headed ogre
 10904 | D:9      | Noticed vatarom's ghost (novice BaAE)
 10947 | D:9      | Killed vatarom's ghost
 10947 | D:9      | Reached XP level 11. HP: 55/86 MP: 9/11
 11085 | D:9      | Killed Prince Ribbit
 11561 | D:9      | Reached skill level 10 in Fighting
 11620 | D:9      | Noticed a cyclops
 11621 | D:9      | Noticed an unseen horror
 11638 | D:9      | Killed an unseen horror
 11658 | D:9      | Killed a cyclops
 11869 | D:9      | Killed a two-headed ogre
 11878 | D:9      | Learned a level 2 spell: Blink
 11881 | D:9      | Learned a level 2 spell: Shroud of Golubria
 11885 | D:10     | Entered Level 10 of the Dungeon
 11899 | D:10     | Noticed a two-headed ogre
 11900 | D:10     | Noticed a two-headed ogre
 11918 | D:10     | Killed a two-headed ogre
 11918 | D:10     | Reached skill level 1 in Armour
 12011 | D:10     | Noticed Harold
 12031 | D:10     | Killed Harold
 12137 | D:10     | Noticed Gastronok
 12160 | D:10     | Killed Gastronok
 12160 | D:10     | Reached XP level 12. HP: 66/100 MP: 8/15
 12391 | D:10     | Found a deep blue altar of Sif Muna.
 12399 | D:10     | Killed a two-headed ogre
 12800 | D:10     | Noticed a two-headed ogre
 12813 | D:10     | Killed a two-headed ogre
 12834 | D:10     | Reached skill level 5 in Armour
 13011 | D:11     | Noticed a two-headed ogre
 13041 | D:11     | Killed a two-headed ogre
 13190 | D:11     | Bought a faintly humming ring mail for 306 gold pieces
 13200 | D:11     | Identified the +0 ring mail of the Sea {Dex+4} (You bought it in a shop on level 11 of the Dungeon)
 13429 | D:11     | Reached skill level 1 in Spellcasting
 13440 | D:11     | Reached skill level 1 in Translocations
 13802 | D:12     | Found a staircase to the Orcish Mines.
 13976 | D:12     | Learned a level 1 spell: Apportation
 13978 | D:12     | Learned a level 1 spell: Summon Butterflies
 14099 | D:12     | Noticed Josephine
 14122 | D:12     | Killed Josephine
 14273 | D:12     | Noticed a two-headed ogre
 14286 | D:12     | Killed a two-headed ogre
 14831 | D:13     | Reached XP level 13. HP: 89/106 MP: 18/20
 14857 | D:13     | Found a portal to a secret trove of treasure.
 14888 | D:13     | Reached skill level 5 in Spellcasting
 14976 | D:13     | Reached skill level 1 in Stealth
 14998 | D:13     | Reached skill level 5 in Evocations
 15536 | D:13     | Reached skill level 5 in Stealth
 15939 | D:13     | Noticed a sphinx
 15940 | D:13     | Noticed a war gargoyle
 15948 | D:13     | Found a gate to the Vaults.
 16588 | D:13     | Killed a sphinx
 16710 | D:13     | Noticed a spark wasp
 16710 | D:13     | an anaconda changed into a spark wasp
 16714 | D:13     | a spark wasp changed into a seven-headed hydra
 16720 | D:13     | Noticed a ghost moth
 16720 | D:13     | a queen ant changed into a ghost moth
 16729 | D:13     | a ghost moth changed into a death yak
 16733 | D:13     | Killed a war gargoyle
 16735 | D:13     | Noticed an azure jelly
 16735 | D:13     | a death yak changed into an azure jelly
 16736 | D:13     | Noticed a sphinx
 16736 | D:13     | an azure jelly changed into a sphinx
 16741 | D:13     | Noticed a frost giant
 16741 | D:13     | a sphinx changed into a frost giant
 16744 | D:13     | Noticed a shadow dragon
 16744 | D:13     | a frost giant changed into a shadow dragon
 16994 | D:13     | Noticed an ettin
 16994 | D:13     | a queen ant changed into an ettin
 16997 | D:13     | an ettin changed into a seven-headed hydra
 17015 | D:13     | Reached XP level 14. HP: 60/115 MP: 10/21
 17206 | D:13     | Learned a level 2 spell: Swiftness
 17479 | D:14     | Found Waliroc's Assorted Antiques.
 17487 | D:14     | Bought a scroll labeled FAVUTU SAZ KETH for 36 gold pieces
 17506 | D:14     | Found a bloodstained altar of Trog.
 17984 | D:11     | Bought the +1 cloak of Starlight {rElec rC+ EV+4 Stlth--} for 1513 gold pieces
 17984 | D:11     | Found the +1 cloak of Starlight {rElec rC+ EV+4 Stlth--}
 18021 | D:13     | You paid a toll of the cloak of Starlight to enter a treasure trove
 18022 | Trove    | Entered a treasure trove
 18054 | Trove    | Got an ichor-stained trident
 18063 | Trove    | Got a bound brass ring
 18064 | Trove    | Identified the ring "Sijep" {rElec rN+} (You found it in a treasure trove)
 18065 | Trove    | Identified the +2 trident of Floods {pierce, rF+ rC+ Str-2 Stlth+} (You found it in a treasure trove)
 18069 | Trove    | Got a bloodstained plate armour
 18374 | D:15     | Entered Level 15 of the Dungeon
 20099 | D:15     | Found a staircase to the Depths.
 20474 | Lair:1   | Entered Level 1 of the Lair of Beasts
 21869 | Lair:2   | Found a staircase to the Snake Pit.
 21890 | Lair:2   | Reached XP level 15. HP: 125/125 MP: 22/22
 22098 | Lair:2   | Learned a level 3 spell: Ozocubu's Armour
 22594 | Lair:2   | Found a staircase to the Shoals.
 23240 | Lair:3   | Noticed Snorg
 23252 | Lair:3   | Killed Snorg
 25401 | Lair:6   | Entered Level 6 of the Lair of Beasts
 25483 | Lair:6   | Reached skill level 15 in Dodging
 25754 | Lair:6   | Reached skill level 15 in Fighting
 26497 | Lair:6   | Found a large runed door.
 26501 | Lair:6   | Found a large runed door.
 26950 | Lair:6   | Found a staircase to the Slime Pits.
 27625 | Orc:1    | Entered Level 1 of the Orcish Mines
 27703 | Orc:1    | Noticed an orc warlord
 27734 | Orc:1    | Killed an orc warlord
 27734 | Orc:1    | Reached XP level 16. HP: 133/136 MP: 21/23
 28110 | Orc:2    | Entered Level 2 of the Orcish Mines
 28153 | Orc:2    | Found a staircase to the Elven Halls.
 29318 | Orc:2    | Found Otta's Distillery.
 29318 | Orc:2    | Found Deimeuze's Weapon Shop.
 29319 | Orc:2    | Found Joqok's Weapon Boutique.
 29322 | Orc:2    | Found Qauciov's Food Boutique.
 29732 | Orc:2    | Bought 2 potions of haste for 320 gold pieces
 29732 | Orc:2    | Bought a potion of invisibility for 128 gold pieces
 29755 | D:12     | Bought a runed demon trident for 630 gold pieces
 29758 | D:12     | Bought a lamp of fire for 1240 gold pieces
 29945 | Shoals:1 | Entered Level 1 of the Shoals
 29985 | Shoals:1 | Reached skill level 10 in Evocations
 30419 | Shoals:1 | Noticed Aizul
 30462 | Shoals:1 | Killed Aizul
 30940 | Shoals:1 | Noticed a kraken
 30967 | Shoals:1 | Killed a kraken
 32115 | Shoals:2 | Noticed Serooblart's ghost (adept MiBe)
 32800 | Shoals:2 | Noticed Polyphemus
 33291 | D:11     | Bought a smelly ring mail for 306 gold pieces
 33291 | D:11     | Bought a heavily runed scale mail for 306 gold pieces
 33304 | D:11     | Identified the +3 scale mail of Leoduapo {*Slow rC+ SInv} (You bought it in a shop on level 11 of the Dungeon)
 33314 | D:11     | Identified the +1 ring mail of the Four Ghosts {*Drain rC+ rN+++ Int+4} (You bought it in a shop on level 11 of the Dungeon)
 33963 | Shoals:2 | Killed Polyphemus
 33963 | Shoals:2 | Reached skill level 10 in Stealth
 35263 | Shoals:4 | Entered Level 4 of the Shoals
 35275 | Shoals:4 | Reached XP level 17. HP: 143/143 MP: 25/25
 35595 | Shoals:4 | Noticed Ilsuiw
 37748 | Shoals:4 | Killed Ilsuiw
 38674 | Shoals:4 | Got a barnacled rune of Zot
 38935 | D:6      | Bought a +4 chain mail of poison resistance for 427 gold pieces
 39117 | Snake:1  | Entered Level 1 of the Snake Pit
 39660 | Snake:1  | Found Ryfaf's Book Emporium.
 39824 | Snake:1  | Reached skill level 15 in Polearms
 40517 | Snake:2  | Noticed Donald
 40536 | Snake:2  | Killed Donald
 40583 | Snake:2  | Got a heavily runed shield {Donald}
 40584 | Snake:2  | Identified the +2 shield "Hiuned" {+Fly Dex+5} (You took it off Donald on level 2 of the Snake Pit)
 40609 | Snake:2  | Reached XP level 18. HP: 135/153 MP: 26/26
 41838 | Snake:3  | Reached skill level 16 in Polearms
 42131 | Snake:3  | Reached skill level 10 in Armour
 43104 | Snake:4  | Entered Level 4 of the Snake Pit
 43109 | Snake:3  | Bought the cursed +1 ring mail "Asiev" {rC+ rN+ Str+2 Slay+2} for 588 gold pieces
 43426 | Snake:4  | Found Ymiodwak's Jewellery Shop.
 43426 | Snake:4  | Found Ysaat's Jewellery Boutique.
 44611 | Snake:4  | Got a serpentine rune of Zot
 44777 | Snake:4  | Reached XP level 19. HP: 92/159 MP: 15/27
 45875 | Depths:1 | Entered Level 1 of the Depths
 46023 | Depths:1 | Noticed Asterion
 46034 | Depths:1 | Killed Asterion
 46768 | Depths:1 | Found a one-way gate to the infinite horrors of the Abyss.
 46772 | Depths:1 | Found a gateway to a ziggurat.
 46779 | Depths:1 | Reached skill level 10 in Shields
 46815 | Depths:1 | Found a gateway to Hell.
 46972 | Depths:1 | Noticed Jorgrun
 46982 | Depths:1 | Killed Jorgrun
 48850 | Depths:1 | Found the amulet of Vitality {Regen+ HP+15}
 48850 | Depths:1 | Noticed a greater mummy
 49350 | Depths:1 | Noticed a greater mummy
 50134 | Depths:1 | Killed a greater mummy
 50180 | Depths:1 | Killed a greater mummy
 50663 | Depths:2 | Noticed Louise
 50687 | Depths:2 | Killed Louise
 50687 | Depths:2 | Reached XP level 20. HP: 133/163 MP: 28/28
 50804 | Depths:2 | Noticed Bai Suzhen
 50868 | Depths:2 | Killed Bai Suzhen
 51631 | Depths:2 | Found a deep blue altar of Sif Muna.
 51998 | Depths:2 | Reached skill level 15 in Shields
 52562 | Depths:2 | Reached skill level 1 in Charms
 52568 | Depths:2 | Reached skill level 1 in Summonings
 52636 | Depths:2 | Identified the Tome of Confrontation and Calling
 52869 | Depths:3 | HP: 6/178 [crystal guardian/crystal bolt (21)]
 52870 | Depths:3 | HP: 2/178 [storm dragon (5)]
 53163 | Depths:3 | Reached skill level 5 in Translocations
 53501 | Depths:3 | Found a one-way gate leading to the halls of Pandemonium.
 53653 | Depths:3 | Reached skill level 1 in Air Magic
 53966 | Depths:4 | Noticed Sojobo
 53966 | Depths:4 | Noticed Jory
 54136 | Depths:3 | Noticed a juggernaut
 54297 | Vaults:1 | Entered Level 1 of the Vaults
 54507 | Vaults:1 | Identified Womuung's Almanac of Evil and Snow
 54530 | Vaults:1 | Reached XP level 21. HP: 172/172 MP: 29/29
 54621 | Vaults:1 | Reached skill level 5 in Air Magic
 54743 | Vaults:1 | Found a magical portal.
 56979 | Vaults:2 | Reached skill level 10 in Air Magic
 58426 | Vaults:3 | Reached XP level 22. HP: 180/180 MP: 30/30
 58546 | Vaults:3 | Found Reshra Qiecs's Gadget Shoppe.
 58558 | Vaults:3 | Bought a sack of spiders for 400 gold pieces
 58644 | Vaults:3 | Noticed Xtahua
 58658 | Vaults:3 | Killed Xtahua
 58802 | Vaults:3 | Bought a sack of spiders for 400 gold pieces
 59079 | Vaults:3 | Found a staircase to the Crypt.
 59472 | Vaults:4 | Found Macus's Distillery.
 59475 | Vaults:4 | Bought a potion of curing for 63 gold pieces
 59475 | Vaults:4 | Bought a potion of curing for 63 gold pieces
 59475 | Vaults:4 | Bought a potion of might for 84 gold pieces
 59475 | Vaults:4 | Bought a potion of berserk rage for 105 gold pieces
 59475 | Vaults:4 | Bought a potion of heal wounds for 105 gold pieces
 59475 | Vaults:4 | Bought a potion of curing for 63 gold pieces
 59475 | Vaults:4 | Bought a potion of curing for 63 gold pieces
 59475 | Vaults:4 | Bought a potion of might for 84 gold pieces
 59721 | Vaults:4 | Paralysed by an ogre mage for 6 turns
 61035 | Vaults:4 | Noticed Frederick
 61067 | Vaults:4 | Killed Frederick
 61677 | Vaults:5 | Entered Level 5 of the Vaults
 61690 | Vaults:5 | Noticed Boris
 61833 | Vaults:5 | Your ally died
 61841 | Vaults:5 | Reached XP level 23. HP: 142/190 MP: 32/32
 61911 | Vaults:5 | Got a silver rune of Zot
 62067 | Vaults:5 | Noticed an ancient lich
 62285 | Vaults:5 | Noticed Mara
 62582 | Vaults:5 | Noticed buskinjo2's illusion
 63020 | Vaults:5 | Noticed buskinjo2's illusion
 63670 | Vaults:5 | Noticed buskinjo2's illusion
 63758 | Vaults:4 | Got a coiled lead ring
 63779 | Vaults:5 | Cast into level 5 of the Abyss (an ancient lich)
 63779 | Abyss:5  | Entered Level 5 of the Abyss
 63829 | Abyss:5  | Identified the ring of Qah Byabb {Ice Str+2 Int+3 Dex-4 Slay+2} (You took it off a fire giant on level 4 of the Vaults)
 63833 | Abyss:5  | Got a translucent granite ring
 63834 | Abyss:5  | Identified a scroll of acquirement
 63836 | Abyss:5  | Identified the ring of Ypaot {AC+2 Int+4 Slay+3} (You found it on level 5 of the Abyss)
 63854 | Vaults:5 | Escaped the Abyss
 64312 | Depths:3 | Noticed a golden dragon
 64480 | Depths:2 | Killed a golden dragon
 64665 | Depths:3 | Noticed a caustic shrike
 64666 | Depths:3 | a caustic shrike changed into an acid blob
 64673 | Depths:3 | Noticed a golden dragon
 64673 | Depths:3 | a shadow dragon changed into a golden dragon
 64683 | Depths:3 | a golden dragon changed into a stone giant
 64846 | Depths:3 | Noticed Margery
 64897 | Depths:3 | Killed Margery
 65445 | Depths:3 | Reached XP level 24. HP: 142/200 MP: 32/32
 65920 | Depths:5 | Entered Level 5 of the Depths
 66659 | Depths:4 | Noticed the Enchantress
 67017 | Depths:5 | Paralysed by a floating eye for 2 turns
 68334 | Depths:5 | Found a gate to the Realm of Zot.
 68420 | Zot:1    | Entered Level 1 of the Realm of Zot
 68847 | Depths:5 | Paralysed by a great orb of eyes for 7 turns
 69324 | Depths:5 | Reached skill level 15 in Stealth
 69324 | Depths:5 | Reached XP level 25. HP: 209/209 MP: 33/33
 70260 | Zot:1    | Bought an uncursed ring of see invisible for 195 gold pieces
 70260 | Zot:1    | Bought the ring of Robustness {AC+8} for 1664 gold pieces
 70260 | Zot:1    | Found the ring of Robustness {AC+8}
 70516 | Zot:1    | Reached XP level 26. HP: 143/217 MP: 33/33
 71348 | Zot:1    | Reached skill level 15 in Armour
 73345 | Zot:3    | Noticed Tiamat
 73369 | Zot:3    | Reached skill level 17 in Polearms
 73447 | Zot:3    | Killed Tiamat
 73719 | Zot:4    | Noticed an orb of fire
 73731 | Zot:4    | Gained mutation: Scrolls take you a little longer to read. [an orb of fire]
 73734 | Zot:4    | Gained mutation: You are dopey. (Int -2) [an orb of fire]
 73735 | Zot:4    | Gained mutation: You evolve. [an orb of fire]
 73749 | Zot:4    | Killed an orb of fire
 73896 | Zot:5    | Entered Level 5 of the Realm of Zot
 74223 | Zot:5    | Noticed an orb of fire
 74240 | Zot:5    | Lost mutation: Scrolls take you a little longer to read. [potion of mutation]
 74240 | Zot:5    | Lost mutation: You are dopey. (Int -2) [potion of mutation]
 74240 | Zot:5    | Lost mutation: You evolve. [potion of mutation]
 74240 | Zot:5    | Gained mutation: Your magical capacity is low. (-10% MP) [potion of mutation]
 74240 | Zot:5    | Gained mutation: You are resistant to electric shocks. (rElec) [potion of mutation]
 74240 | Zot:5    | Gained mutation: Your muscles are strong. (Str +2) [potion of mutation]
 74240 | Zot:5    | Gained mutation: You are robust. (+10% HP) [potion of mutation]
 74246 | Zot:5    | Lost mutation: Your muscles are strong. (Str +2) [an orb of fire]
 74248 | Zot:5    | Gained mutation: You occasionally shout uncontrollably at your foes. [an orb of fire]
 74292 | Zot:5    | Noticed an ancient lich
 74351 | Zot:5    | Gained mutation: Your body sometimes deteriorates upon taking damage. [an orb of fire]
 74356 | Zot:5    | Killed an orb of fire
 74928 | Zot:5    | Noticed an orb of fire
 74991 | Zot:5    | Noticed an ancient lich
 74999 | Zot:5    | Killed an ancient lich
 74999 | Zot:5    | Reached XP level 27. HP: 224/248 MP: 30/30
 75102 | Zot:5    | Noticed an orb of fire
 75113 | Zot:5    | Gained mutation: You are weak. (Str -2) [an orb of fire]
 75117 | Zot:5    | Gained mutation: You are very weak. (Str -4) [an orb of fire]
 75120 | Zot:5    | Gained mutation: Armour fits poorly on your strangely shaped body. [an orb of fire]
 75127 | Zot:5    | Lost mutation: You are robust. (+10% HP) [an orb of fire]
 75136 | Zot:5    | Killed an orb of fire
 75136 | Zot:5    | Reached skill level 18 in Polearms
 75137 | Zot:5    | Lost mutation: Your magical capacity is low. (-10% MP) [potion of mutation]
 75137 | Zot:5    | Lost mutation: Armour fits poorly on your strangely shaped body. [potion of mutation]
 75137 | Zot:5    | Lost mutation: Your body sometimes deteriorates upon taking damage. [potion of mutation]
 75137 | Zot:5    | Gained mutation: You are somewhat resistant to further mutation. [potion of mutation]
 75137 | Zot:5    | Gained mutation: You have an increased reservoir of magic. (+10% MP) [potion of mutation]
 75320 | Zot:5    | Noticed Setanta's ghost (legendary GnAM)
 75325 | Zot:5    | Noticed an orb of fire
 75359 | Zot:5    | HP: 7/242 [orb of fire/bolt of fire (18)]
 76089 | Zot:5    | Noticed an ancient lich
 76101 | Zot:5    | Killed an ancient lich
 76507 | Zot:5    | Noticed an orb of fire
 76512 | Zot:5    | Gained mutation: You expend magic power (3 MP) to strengthen your wands. [an orb of fire]
 76522 | Zot:5    | Noticed an orb of fire
 76824 | Zot:5    | Gained mutation: You sometimes yell uncontrollably at your foes. [an orb of fire]
 76830 | Zot:5    | Noticed an orb of fire
 77093 | Zot:5    | Lost mutation: You are very weak. (Str -4) [an orb of fire]
 77104 | Zot:5    | Killed an orb of fire
 77105 | Zot:5    | Gained mutation: Your body sometimes deteriorates upon taking damage. [an orb of fire]
 77110 | Zot:5    | Gained mutation: Armour fits poorly on your strangely shaped body. [an orb of fire]
 77133 | Zot:5    | Killed an orb of fire
 77212 | Zot:5    | Noticed an orb of fire
 77355 | Zot:4    | Gained mutation: You frequently scream uncontrollably at your foes. [an orb of fire]
 77640 | Zot:4    | Reached skill level 5 in Throwing
 78522 | Zot:5    | Lost mutation: You expend magic power (3 MP) to strengthen your wands. [an orb of fire]
 78534 | Zot:5    | Gained mutation: You tend to lose your temper in combat. [an orb of fire]
 78559 | Zot:5    | Gained mutation: Your spells are a little easier to cast, but a little less powerful. [an orb of fire]
 78560 | Zot:5    | Gained mutation: Your spells are easier to cast, but less powerful. [an orb of fire]
 78636 | Zot:4    | Lost mutation: Armour fits poorly on your strangely shaped body. [potion of mutation]
 78636 | Zot:4    | Lost mutation: Your spells are easier to cast, but less powerful. [potion of mutation]
 78636 | Zot:4    | Lost mutation: You are somewhat resistant to further mutation. [potion of mutation]
 78636 | Zot:4    | Lost mutation: You are weak. (Str -2) [potion of mutation]
 78636 | Zot:4    | Gained mutation: You are clumsy. (Dex -2) [potion of mutation]
 78636 | Zot:4    | Lost mutation: Your spells are a little easier to cast, but a little less powerful. [potion of mutation]
 78636 | Zot:4    | Lost mutation: You tend to lose your temper in combat. [potion of mutation]
 79006 | Zot:3    | Reached skill level 19 in Polearms
 79348 | Elf:1    | Entered Level 1 of the Elven Halls
 79490 | Elf:1    | Found a frozen archway.
 79554 | IceCv    | Entered an ice cave
 80155 | Elf:1    | Reached skill level 20 in Polearms
 81147 | Elf:2    | Reached skill level 21 in Polearms
 81360 | Elf:2    | Found a radiant altar of Vehumet.
 81610 | Elf:2    | Found a huge runed gate.
 81612 | Elf:2    | Found a huge runed gate.
 81615 | Elf:2    | Found a huge runed gate.
 81831 | Elf:3    | Entered Level 3 of the Elven Halls
 82607 | Elf:3    | Reached skill level 22 in Polearms
 82753 | Elf:3    | Identified Yhiamen's Tome of Orientation
 82779 | Elf:3    | Learned a level 3 spell: Regeneration
 82783 | Elf:3    | Learned a level 3 spell: Spectral Weapon
 82786 | Elf:3    | Learned a level 2 spell: Song of Slaying
 82845 | Elf:3    | Reached skill level 1 in Hexes
 83219 | Elf:3    | Got a crystal morningstar {crush}
 83220 | Elf:3    | Identified the +6 morningstar of Mourning {crush, -Tele rF++} (You took it off a deep elf elementalist on level 3 of the Elven Halls)
 83266 | Elf:3    | Reached skill level 23 in Polearms
 83329 | Elf:3    | Identified Sif Muna's Compendium of the Dusty Frostbite
 83339 | Elf:3    | Learned a level 2 spell: Passwall
 83949 | Depths:4 | Reached skill level 5 in Charms
 83949 | Depths:4 | Reached skill level 1 in Necromancy
 83972 | Depths:4 | Killed Sojobo
 84691 | Zot:5    | Reached skill level 24 in Polearms
 84959 | Zot:5    | Got the Orb of Zot
 85154 | Zot:2    | Reached skill level 25 in Polearms
 85221 | Zot:2    | Noticed an orb of fire
 85598 | Depths:4 | Noticed Olesaig the pandemonium lord
 85606 | Depths:4 | Paralysed by a lich for 2 turns
 85608 | Depths:4 | Noticed Qialegak the pandemonium lord
 85609 | Depths:4 | HP: 12/243 [Qialegak the pandemonium lord/poison arrow (5)]
 85609 | Depths:4 | HP: 2/243 [lich[Qialegak] (10)]
 85610 | Depths:4 | Killed from afar by Qialegak the pandemonium lord

Skill      XL: |  1  2  3  4  5  6  7  8  9 10 11 12 13 14 15 16 17 18 19 20 21 22 23 24 25 26 27 |
---------------+----------------------------------------------------------------------------------+-----
Polearms       | 5 6 7 8 9 10 12 14 15 16 17 25 | 25.1
Fighting       | 4 7 8 11 12 13 15 16 17 18 19 20 21 | 21.3
Dodging        | 5 9 10 13 15 16 17 18 20 21 22 | 22.8
Shields        | 7 13 15 | 15.4
Armour         | 3 6 7 8 9 12 13 14 15 | 15.7
Evocations     | 4 8 11 12 13 14 | 14.7
Spellcasting   | 4 5 |  5.8
Translocations | 4 5 |  5.2
Stealth        | 7 10 11 12 13 14 15 16 17 | 17.0
Charms         | 3 5 |  5.4
Summonings     | 2 |  2.5
Air Magic      | 4 10 | 10.6
Throwing       | 6 |  6.8
Hexes          | 3 |  3.9
Necromancy     | 1 |  1.7

Action                   |  1- 3 |  4- 6 |  7- 9 | 10-12 | 13-15 | 16-18 | 19-21 | 22-24 | 25-27 || total
-------------------------+-------+-------+-------+-------+-------+-------+-------+-------+-------++-------
Melee: Trident           |    88 |   250 |   649 |   965 |  2092 |   381 |       |       |       ||  4425
       Tailslap          |       |       |       |       |     6 |    68 |     6 |    14 |       ||    94
       Demon trident     |       |       |       |       |       |  2067 |  2833 |  2164 |  1765 ||  8829
       Bardiche          |       |       |       |       |       |       |       |       |   696 ||   696
Throw: Throwing net      |       |       |       |       |       |       |     3 |       |     1 ||     4
 Cast: Blink             |       |       |       |       |       |       |     1 |     8 |    15 ||    24
       Summon Butterflie |       |       |       |       |       |       |       |       |     9 ||     9
       Regeneration      |       |       |       |       |       |       |       |       |     4 ||     4
Invok: Call Merchant     |       |       |     1 |     1 |     1 |     3 |       |       |     1 ||     7
       Potion Petition   |       |       |       |       |       |       |     1 |       |     2 ||     3
       Bribe Branch      |       |       |       |       |       |       |       |     1 |     2 ||     3
Evoke: Wand              |       |     6 |     9 |    14 |    24 |    26 |     9 |    16 |    26 ||   130
       Sack of spiders   |       |       |       |     1 |       |       |       |     4 |     3 ||     8
       Box of beasts     |       |       |       |     1 |       |       |       |       |       ||     1
       Phantom mirror    |       |       |       |       |     2 |       |     1 |     1 |     3 ||     7
       Lightning rod     |       |       |       |       |     4 |    16 |    13 |     8 |    16 ||    57
       Lamp of fire      |       |       |       |       |       |     4 |     7 |    10 |     9 ||    30
       Phial of floods   |       |       |       |       |       |     1 |     3 |     6 |     8 ||    18
       Fan of gales      |       |       |       |       |       |       |       |     3 |     6 ||     9
  Use: Scroll            |       |     4 |    10 |    14 |    14 |    18 |    10 |    15 |    19 ||   104
       Potion            |       |       |     1 |     1 |     4 |     3 |     5 |     7 |    29 ||    50
 Stab: Sleeping          |     2 |     4 |     2 |    13 |    46 |    20 |    21 |    13 |    21 ||   142
       Distracted        |       |     2 |     5 |     8 |    28 |    50 |    26 |    31 |    45 ||   195
       Paralysed         |       |     2 |     2 |       |       |       |     7 |       |     2 ||    13
       Held in net/web   |       |       |       |       |       |       |     9 |       |     3 ||    12
       Invisible         |       |       |       |       |       |       |       |       |     7 ||     7
       Confused          |       |       |       |       |       |       |       |       |     2 ||     2
  Eat: Chunk             |     1 |     1 |       |       |       |       |       |       |       ||     2
       Ration            |       |     3 |     4 |     7 |    14 |    15 |    14 |    11 |    18 ||    86
Armor: Leather armour    |    16 |    46 |    46 |       |       |       |       |       |       ||   108
       Ring mail         |       |       |    57 |   163 |   301 |   301 |   275 |   209 |   398 ||  1704
       Chain mail        |       |       |       |       |       |    38 |       |       |       ||    38
Dodge: Dodged            |    50 |   163 |   299 |   388 |   885 |  1362 |  1020 |   890 |  1584 ||  6641
Block: Buckler           |       |       |       |   144 |   560 |   774 |   104 |       |       ||  1582
       Shield            |       |       |       |       |       |       |   965 |  1028 |   913 ||  2906
